 Dungeon Sprint DCSS version 0.29-a0-384-g6960b1960d (webtiles) character file.

Game seed: 12050322314335796870

612 mhtbhm the Basher (level 7, -9/117 HPs)
             Began as a Troll Berserker on May 7, 2022.
             Was a High Priest of Trog.
             Mangled by a tyrant leech (24 damage)
             ... in the Dungeon (Sprint VII: "The Pits").
             The game lasted 00:01:01 (543 turns).

mhtbhm the Basher (Troll Berserker)                  Turns: 543, Time: 00:01:02

Health: -9/117     AC: 11    Str: 28      XL:     7   Next: 20%
Magic:  6/6        EV: 11    Int:  3      God:    Trog [*****.]
Gold:   0          SH:  0    Dex:  8 (9)  Spells: 6/6 levels left

rFire   . . .      SeeInvis .   a - +1 mace (protect)
rCold   . . .      Faith    .   (no shield)
rNeg    . . .      Spirit   .   b - +0 animal skin
rPois   .          Reflect  .   (helmet restricted)
rElec   .          Harm     .   (no cloak)
rCorr   .          Rampage  .   (gloves unavailable)
Will    .....      NoTele   +   (boots unavailable)
Stlth   ..........              (no amulet)
HPRegen 1.09/turn               (no ring)
MPRegen 0.10/turn               (no ring)

@: berserking, under a protective aura, very quick
A: large, unfitting armour, claws 3, regeneration 1, shaggy fur 1, tough skin 1
a: Renounce Religion, Berserk, Trog's Hand, Brothers in Arms


You were in the Dungeon.
You worshipped Trog.
Trog was extremely pleased with you.
You visited 1 branch

Inventory:

Hand Weapons
 a - a +1 mace of protection (weapon)
Armour
 b - a +0 animal skin (worn)
Scrolls
 h - a scroll of blinking
 j - a scroll of summoning
Potions
 c - 6 potions of curing
 d - 6 potions of heal wounds
 e - a potion of haste
 f - 4 potions of magic
 g - 3 potions of berserk rage
 i - 2 potions of invisibility


   Skills:
 + Level 7.5 Fighting
 + Level 10.0 Maces & Flails
 + Level 7.0 Dodging
 + Level 0.6 Stealth


You had 6 spell levels left.
You didn't know any spells.
Your spell library was empty.

Dungeon Overview and Level Annotations

Branches:
Dungeon (1/1)

Altars:
Cheibriados
Dithmenos
Elyvilon
Fedhas
Gozag
Hepliaklqana
Makhleb
Nemelex Xobeh
Okawaru
Qazlal
Ru
Sif Muna
Trog
Wu Jian
Xom
Yredelemnul
Zin
The Shining One
Jiyva


Innate Abilities, Weirdness & Mutations

You are too large for most types of armour.
You have claws for hands.
Your natural rate of healing is unusually fast.
You are covered in fur. (AC +1)
You have tough skin. (AC +1)


Message History

The tyrant leech is moderately wounded.
You bludgeon the tyrant leech!!
The tyrant leech is heavily wounded.
The tyrant leech bites you!!
The tyrant leech draws strength from your injuries!
You sock the tyrant leech!
The tyrant leech is severely wounded.
You sock the tyrant leech!
The tyrant leech is almost dead.
The tyrant leech bites you but does no damage.
You barely miss the tyrant leech.
The tyrant leech is almost dead.
You barely miss the tyrant leech.
The tyrant leech is almost dead.
The tyrant leech bites you!!
The tyrant leech draws strength from your injuries!
You are too injured to fight recklessly!
You are too injured to fight recklessly!
You are too injured to fight recklessly!
You are too injured to fight recklessly!
You are too injured to fight recklessly!
You are too injured to fight recklessly!
You are too injured to fight recklessly!
You are too injured to fight recklessly!
You are too injured to fight recklessly!
You are too injured to fight recklessly!
You are too injured to fight recklessly!
You completely miss the tyrant leech.
The tyrant leech is severely wounded.
You closely miss the tyrant leech.
The tyrant leech is severely wounded.
The tyrant leech bites you!!
* * * LOW HITPOINT WARNING * * *
The tyrant leech draws strength from your injuries!
You miss the tyrant leech.
The tyrant leech is moderately wounded.
You sock the tyrant leech!
The tyrant leech is heavily wounded.
The tyrant leech bites you!!
You die...

#)#........##.......#
#)###########.......#
#.......# #########
#.......# #...#...#
#..###..#+#
#...#...#.+
#.......#w#
#.......'@#
###########


You could see a tyrant leech.

Vanquished Creatures
  3 wights (D)
  2 quasits (D)
  A gnoll (D)
  An adder (D)
  A river rat (D)
  A bat zombie (D)
  A giant cockroach (D)
  A hobgoblin (D)
  4 jackals (D)
  A ball python zombie (D)
  A kobold (D)
17 creatures vanquished.

Vanquished Creatures (collateral kills)
  2 wargs (D)
  2 wights (D)
  Jessica (D)
5 creatures vanquished.

Grand Total: 22 creatures vanquished

Notes
Turn   | Place    | Note
-------+----------+-------------------------------------------
     0 | D        | mhtbhm the Troll Berserker began the quest for the Orb.
     0 | D        | Reached XP level 1. HP: 22/22 MP: 0/0
    47 | D        | Found a bloodstained altar of Trog.
    47 | D        | Found a shimmering blue altar of Sif Muna.
    47 | D        | Found a viscous altar of Jiyva.
    47 | D        | Found a hazy altar of Hepliaklqana.
    47 | D        | Found an opulent altar of Gozag.
    59 | D        | Reached skill level 3 in Maces & Flails
    59 | D        | Reached XP level 2. HP: 30/31 MP: 1/1
    59 | D        | Reached ** piety under Trog
   127 | D        | Reached *** piety under Trog
   135 | D        | Reached skill level 4 in Maces & Flails
   139 | D        | Reached **** piety under Trog
   140 | D        | Reached XP level 3. HP: 36/39 MP: 2/2
   186 | D        | Found a glowing golden altar of the Shining One.
   186 | D        | Found a glowing silver altar of Zin.
   186 | D        | Found a basalt altar of Yredelemnul.
   186 | D        | Found a shimmering altar of Xom.
   186 | D        | Found an ornate altar of the Wu Jian Council.
   186 | D        | Found a sacrificial altar of Ru.
   186 | D        | Found a stormy altar of Qazlal.
   186 | D        | Found an iron altar of Okawaru.
   186 | D        | Found a sparkling altar of Nemelex Xobeh.
   186 | D        | Found a burning altar of Makhleb.
   186 | D        | Found a blossoming altar of Fedhas.
   186 | D        | Found a white marble altar of Elyvilon.
   186 | D        | Found a shadowy altar of Dithmenos.
   186 | D        | Found a snail-covered altar of Cheibriados.
   209 | D        | Noticed a wight
   209 | D        | Noticed a wight
   209 | D        | Noticed a wight
   210 | D        | Noticed a warg
   210 | D        | Noticed a warg
   210 | D        | Noticed a wight
   211 | D        | Noticed Jessica
   214 | D        | Noticed a wight
   219 | D        | Killed a wight
   220 | D        | Reached skill level 5 in Maces & Flails
   220 | D        | Reached XP level 4. HP: 49/49 MP: 3/3
   229 | D        | Reached skill level 5 in Fighting
   229 | D        | Reached skill level 6 in Maces & Flails
   229 | D        | Reached XP level 5. HP: 57/57 MP: 4/4
   231 | D        | Reached skill level 7 in Maces & Flails
   231 | D        | Reached skill level 5 in Dodging
   236 | D        | Reached ***** piety under Trog
   245 | D        | Killed a warg
   246 | D        | Reached skill level 8 in Maces & Flails
   246 | D        | Reached XP level 6. HP: 18/68 MP: 5/5
   247 | D        | Killed a warg
   248 | D        | Reached skill level 9 in Maces & Flails
   248 | D        | Killed Jessica
   249 | D        | Reached XP level 7. HP: 26/78 MP: 6/6
   428 | D        | Reached skill level 10 in Maces & Flails
   530 | D        | Noticed a tyrant leech
   543 | D        | Mangled by a tyrant leech

Illustrated notes

Levels and vault maps discovered:
D:        pitsprint [storerooms_1, entrance_room_1, metal_vault_2, armoury_2,
          mini_pit_1, grid_room_1, main_hall_1, silver_pit, the_coven_3,
          the_vestibule_1, steel_vault_4, golden_pit, hallway_of_sentries,
          crystal_vault_3, iron_vault_2, final_vault]

Skill      XL: |  1  2  3  4  5  6  7 |
---------------+----------------------+-----
Fighting       | 3 4 5 6 7 |  7.5
Maces & Flails | 3 4 5 6 8 9 10 | 10.0
Dodging        | 3 4 6 7 |  7.0
Stealth        | |  0.6

Action                   |  1- 3 |  4- 6 |  7- 9 || total
-------------------------+-------+-------+-------++-------
Melee: Mace              |    32 |    22 |    22 ||    76
Invok: Berserk           |     1 |       |     1 ||     2
       Brothers in Arms  |       |     1 |       ||     1
Armor: Animal skin       |     9 |     5 |    11 ||    25
Dodge: Dodged            |    17 |    15 |    18 ||    50

Table legend: (Time is in decaauts)
 A = Elapsed time spent in this place.
 B = Non-inter-level travel time spent in this place.
 C = Inter-level travel time spent in this place.
 D = Time resting spent in this place.
 E = Time spent auto-exploring this place.
 F = Levels seen in this place.
 G = Mean time per level.
                   A        B        C        D        E       F      G
               +--------+--------+--------+--------+--------+-----+--------+
         Total |    551 |    551 |      0 |    303 |     30 |   1 |  551.0 |
       Dungeon |    551 |    551 |      0 |    303 |     30 |   1 |  551.0 |
               +--------+--------+--------+--------+--------+-----+--------+

Top non-repeatable levels by time:
       D: 551 daAuts
